Map: Backwater LE

Players

Phoenix (RiSky)

  • Race: Terran Terran
  • Spawn Location: 11:00

SouLeer - Winner!

  • Race: Zerg Zerg
  • Spawn Location: 5:00

Event: WCS Leipzig 2018

VOD

Have the link to the VOD?

Description

Time

  • Played on: Jan. 26, 2018, 7:05 a.m.
  • Length: 5:08

All games in this series

Show
View Real Time Build Order
Export as new Build Order

Phoenix Terran 

Build Orders:  

Get SALT Encoding   

  12  0:01  SCV  
  13  0:16  Supply Depot  
  13  0:39  Barracks  
  13  0:46  Barracks  
  13  0:52  SCV  
  14  1:18  Supply Depot  
  14  1:26  Marine  
  14  1:27  Barracks  
  15  1:33  Marine  
  16  1:44  Marine  
  17  1:51  Marine  
  18  1:56  Bunker  
  18  1:58  SCV  
  19  2:02  Marine  
  20  2:09  Marine  
  21  2:18  Marine  
  21  2:19  Marine  
  23  2:27  Marine  
  24  2:32  Bunker  
  24  2:36  Marine  
  25  2:37  Marine  
  25  2:45  Marine  
  25  2:54  Marine  
  25  2:55  Marine  
  26  3:02  Marine, Barracks  
  27  3:12  Marine  
  28  3:13  Marine  
  28  3:19  Supply Depot  
  26  3:20  Marine  
  21  3:30  Marine  
  21  3:31  Marine  
  22  3:38  Marine  
  22  3:47  Marine  
  22  3:48  Marine  
  21  3:56  Marine  
  21  4:00  Marine  
  21  4:05  Marine  
  21  4:06  Marine  
  22  4:14  Marine  
  23  4:17  Marine  
  23  4:18  Refinery  
  23  4:23  Marine  
  24  4:24  Marine  
  24  4:29  Orbital Command  
  25  4:31  Marine  
  25  4:35  Marine  
  27  4:44  Marine x2  
  29  4:49  Marine  
Show
View Real Time Build Order
Export as new Build Order

SouLeer Zerg - Winner!

Build Orders: Hatch First 

Get SALT Encoding   

  12  0:00  Drone  
  13  0:13  Overlord  
  13  0:16  Drone  
  14  0:31  Drone x2  
  16  0:35  Drone  
  17  0:53  Hatchery  
  17  0:56  Drone  
  17  0:59  Drone  
  18  1:09  Extractor  
  17  1:15  Spawning Pool  
  16  1:19  Drone  
  16  1:23  Drone  
  18  1:28  Drone  
  19  1:39  Overlord  
  19  1:50  Drone  
  20  2:02  Queen  
  20  2:03  Zergling x2  
  20  2:04  Queen  
  20  2:05  Zergling x2  
  26  2:13  Spine Crawler  
  24  2:29  Zergling x2  
  25  2:34  Zergling x2  
  25  2:36  Zergling x2  
  26  2:40  Zergling x2  
  26  2:43  Zergling x2  
  28  2:45  Zergling x2  
  28  2:50  Zergling x2  
  28  2:53  Zergling x2  
  28  2:58  Zergling x2  
  30  3:01  Zergling x2  
  31  3:08  Metabolic Boost  
  31  3:14  Zergling x4  
  31  3:19  Zergling x2  
  31  3:21  Zergling x2  
  29  3:27  Queen  
  29  3:31  Drone  
  29  3:33  Drone  
  30  3:42  Zergling x4  
  32  3:50  Overlord  
  32  3:55  Zergling x2  
  33  3:58  Zergling x6  
  33  4:02  Zergling x2  
  35  4:04  Zergling x2  
  34  4:12  Zergling x2  
  35  4:17  Zergling x2  
  35  4:22  Zergling x2  
  37  4:27  Zergling x2  
  37  4:30  Queen  
  40  4:32  Zergling x6  
  40  4:34  Spine Crawler  
  40  4:37  Zergling x2  
  43  4:40  Zergling x2  
  43  4:44  Overlord  
  44  4:51  Zergling x2  
Tags
 
Add a new tag
Caveats
  • Supply blocks, unpowered buildings, or Contaminate may cause inaccurate times.
  • Supply counts are checked every 10 seconds.